AoeStats
← [RAT] G0rm

Hill Fort

504566561Analyzed
3v3 RM · 27d ago on Sep 5, 2026· 75m 52s· 6 players
Game mode
Random Map
Map size
Normal (6 player)
Population
200
Speed
Normal
Resources
Standard
Victory
Conquest
Starting age
Dark Age
Ending age
Imperial Age
RankedLock teamsTeams togetherTeam positionsShared explorationLock speedFull tech treeHidden civsTurbo modeCheats
Victory
Defeat
🇳🇱 Gurjaras · Netherlands
1831
+7
🇳🇱 Jurchens · Netherlands
1549
+18
🇷🇴 Bulgarians · Romania
1475
+20
🇺🇸 Magyars · United States
1660
-18
🇺🇸 Tatars · United States
1622
-16
🇺🇸 Inca · United States
1507
-11
Simbelmynë
10:37 Feudal Age
11:58 Loom
15:58 Castle Age
14:32 Scale Mail Armor
15:33 Forging
33:17 Horse Collar
37:53 Wheelbarrow
38:57 Double-Bit Axe
41:28 Bow Saw
42:16 Treadmill Crane
43:23 Fortified Wall
44:23 Heavy Plow
45:29 Hand Cart
44:40 Champi Runner
45:59 Squires
46:57 Gold Mining
47:36 Fletching
47:13 Champi Warrior
51:46 Imperial Age
49:55 Chain Mail Armor
51:16 Iron Casting
51:22 Bodkin Arrow
51:49 Masonry
51:30 Town Watch
52:17 Ballistics
53:02 Plate Mail Armor
52:12 Elite Champi Warrior
57:02 Blast Furnace
57:34 Fabric Shields
59:19 Arson
61:07 Bracer
62:44 Chemistry
63:21 Andean Sling
63:42 Conscription
67:34 Padded Archer Armor
68:19 Hoardings
68:40 Coinage
68:31 Leather Archer Armor
69:03 Caravan
71:29 Ring Archer Armor
71:21 Guard Tower
71:18 Arrowslits
75:44 Keep
Gil-galad
1:00 Loom
11:55 Feudal Age
16:22 Castle Age
15:21 Fletching
17:01 Bodkin Arrow
29:12 Horse Collar
33:04 Bloodlines
34:15 Ballistics
39:30 Padded Archer Armor
42:33 Wheelbarrow
43:05 Double-Bit Axe
44:18 Hand Cart
50:29 Imperial Age
51:10 Bracer
52:21 Chemistry
51:11 Capped Ram
52:06 Siege Ram
53:21 Scale Mail Armor
53:32 Forging
54:06 Conscription
53:46 Pikeman
55:47 Squires
59:50 Scale Barding Armor
60:21 Iron Casting
60:12 Husbandry
59:32 Light Cavalry
61:03 Chain Barding Armor
60:38 Hussar
63:25 Plate Barding Armor
66:28 Blast Furnace
68:49 Caravan
69:23 Bow Saw
74:28 Leather Archer Armor
Legolas
10:16 Feudal Age
14:37 Castle Age
13:09 Double-Bit Axe
13:36 Horse Collar
14:29 Loom
14:30 Town Watch
15:30 Bow Saw
16:38 Scale Barding Armor
22:26 Bloodlines
23:59 Chain Barding Armor
28:40 Wheelbarrow
28:08 Heavy Plow
31:20 Hand Cart
34:19 Imperial Age
31:50 Gold Mining
32:18 Husbandry
33:22 Light Cavalry
34:11 Stone Mining
34:57 Gold Shaft Mining
35:52 Plate Barding Armor
34:47 Cavalier
39:11 Crop Rotation
38:29 Hussar
42:22 Two-Man Saw
41:54 Coinage
41:22 Paladin
43:31 Banking
43:45 Conscription
44:07 Pikeman
44:48 Scale Mail Armor
45:17 Fletching
45:49 Ballistics
45:39 Masonry
45:04 Halberdier
46:00 Chain Mail Armor
46:17 Caravan
47:55 Bodkin Arrow
48:01 Padded Archer Armor
49:02 Chemistry
48:05 Recurve Bow
49:46 Parthian Tactics
48:42 Heavy Cavalry Archer
49:24 Bracer
49:39 Leather Archer Armor
52:37 Thumb Ring
53:04 Ring Archer Armor
61:33 Arson
[LW] Faneth
9:15 Feudal Age
8:06 Loom
12:52 Castle Age
26:00 Forging
25:39 Double-Bit Axe
29:39 Horse Collar
34:09 Wheelbarrow
37:07 Hand Cart
37:49 Gold Mining
41:22 Imperial Age
38:46 Town Watch
39:25 Bloodlines
39:33 Scale Barding Armor
39:38 Forging
40:27 Forging
40:37 Chain Barding Armor
40:37 Husbandry
42:01 Kshatriyas
41:28 Heavy Camel Rider
43:35 Plate Barding Armor
44:26 Town Patrol
45:14 Conscription
44:43 Light Cavalry
45:54 Hussar
48:57 Iron Casting
48:13 Fletching
48:23 Padded Archer Armor
48:33 Heavy Plow
50:00 Bodkin Arrow
50:21 Leather Archer Armor
51:12 Ballistics
51:49 Frontier Guards
52:50 Hoardings
53:04 Coinage
53:35 Chemistry
53:29 Gold Shaft Mining
52:44 Stone Mining
56:09 Crop Rotation
57:38 Caravan
60:03 Bow Saw
59:47 Elite Chakram Thrower
63:16 Scale Mail Armor
70:29 Masonry
70:00 Treadmill Crane
74:11 Architecture
73:33 Guard Tower
74:03 Siege Elephant
[RAT] Havik_AoE
9:49 Feudal Age
9:53 Feudal Age
11:39 Loom
11:50 Loom
14:40 Castle Age
14:17 Double-Bit Axe
14:15 Horse Collar
18:38 Bloodlines
19:40 Scale Barding Armor
23:16 Chain Barding Armor
24:34 Forging
26:48 Bow Saw
30:03 Town Watch
33:21 Husbandry
38:58 Heavy Plow
38:48 Gold Mining
40:53 Wheelbarrow
40:55 Gold Shaft Mining
46:36 Imperial Age
46:01 Pikeman
50:38 Halberdier
52:35 Scale Mail Armor
53:11 Plate Barding Armor
53:21 Conscription
56:02 Squires
57:30 Chain Mail Armor
58:40 Caravan
61:06 Fletching
62:03 Arson
62:43 Hand Cart
63:41 Two-Man Saw
67:08 Iron Casting
68:25 Blast Furnace
69:38 Fortified Bastions
72:54 Bodkin Arrow
75:13 Heavy Rocket Cart
76:02 Siege Engineers
76:19 Ballistics
76:12 Masonry
[RAT] G0rm
6:34 Loom
8:54 Feudal Age
9:19 Loom
12:47 Scale Barding Armor
14:00 Forging
17:45 Double-Bit Axe
19:52 Wheelbarrow
21:09 Bloodlines
25:59 Castle Age
27:13 Chain Barding Armor
27:10 Bow Saw
30:02 Town Watch
34:12 Iron Casting
34:28 Husbandry
36:04 Hand Cart
41:58 Imperial Age
41:27 Pikeman
42:09 Scale Mail Armor
42:09 Halberdier
43:05 Chain Mail Armor
43:51 Blast Furnace
44:28 Plate Mail Armor
46:05 Onager
47:15 Gambesons
47:31 Squires
47:16 Arson
47:45 Town Patrol
47:30 Siege Onager
58:13 Siege Engineers
60:15 Bagains
59:56 Light Cavalry
60:58 Caravan
61:57 Horse Collar
64:23 Hussar
65:05 Murder Holes
67:15 Plate Barding Armor
67:41 Conscription
67:58 Stirrups
Connection lost

Rejoining the realm…

Still unreachable

The connection could not be restored.

Session expired

The server has moved on; the page needs a fresh start.